 Dungeon Crawl Stone Soup version 0.30-a0-329-g85436e0a43 (webtiles) character file.

Game seed: 10824634048796243443

114333 IdlyInterested the Unseen (level 16, -17/129 HPs)
             Began as a Demonspawn Wanderer on Oct 27, 2022.
             Demolished by Asterion
             ... wielding a +1 broad axe of electrocution
              (38 damage)
             ... on level 1 of the Snake Pit on Oct 28, 2022.
             The game lasted 01:54:01 (25168 turns).

IdlyInterested the Unseen (Demonspawn Wanderer)    Turns: 25168, Time: 01:54:02

Health: -17/129    AC: 11    Str: 17    XL:     16   Next: 16%
Magic:  22/22      EV: 22    Int: 11    God:
Gold:   1491       SH:  0    Dex: 28    Spells: 23/23 levels left

rFire   + + .      SeeInvis +    Y - +8 Vampire's Tooth {vamp}
rCold   + + .      Faith    .    (no shield)
rNeg    + . .      Spirit   .    i - +5 steam dragon scales
rPois   +          Reflect  .    (helmet unavailable)
rElec   +          Harm     .    f - scarf {rC+ rF+}
rCorr   +          Rampage  .    (gloves unavailable)
Will    +....                    (no boots)
Stlth   ++++++++..               k - amulet of regeneration
HPRegen 1.21/turn                a - +6 ring of dexterity
MPRegen 0.18/turn                n - ring "Ecinlaush" {rN+ rCorr Str+3}

@: resistant, studying Stealth
A: antennae 3, hooves 2, foul stench 2, condensation shield, demonic touch 3,
thin skeletal structure 1, dopey 1, poison resistance
a: no special abilities


You were on level 1 of the Snake Pit.
You visited 5 branches of the dungeon, and saw 24 of its levels.

You collected 2592 gold pieces.
You spent 1101 gold pieces at shops.

Inventory:

Hand Weapons
 Y - the +8 Vampire's Tooth (weapon) {vamp}
   (You found it on level 10 of the Dungeon)

   It occasionally heals its wielder for the full amount of damage dealt when it
   wounds a living foe.
Missiles
 g - 11 silver javelins
 z - a silver boomerang
 C - 21 boomerangs
 F - 69 poisoned darts (quivered)
 H - a curare-tipped dart
 T - 2 javelins
 U - 3 throwing nets
Armour
 f - a scarf of resistance (worn)
 i - +5 steam dragon scales (worn)
 S - a +2 scale mail of cold resistance
Jewellery
 a - a +6 ring of dexterity (left hand)
 k - an amulet of regeneration (around neck)
 n - the ring "Ecinlaush" (right hand) {rN+ rCorr Str+3}
   (You found it on level 5 of the Lair of Beasts)

   [ring of resist corrosion]

   Str:       It affects your strength (+3).
   rN:        It protects you from negative energy.
   rCorr:     It protects you from acid and corrosion.
 u - the ring of Ten Afud {Wiz rF+}
   (You found it on level 4 of the Lair of Beasts)

   [ring of wizardry]

   It improves your spell success rate.
   rF:        It protects you from fire.
 A - a +4 ring of evasion
 I - an amulet of magic regeneration
 N - a ring of wizardry
 O - a ring of protection from cold
 Q - the ring of the Princess {Fly rF+ rN+}
   (You bought it in a shop on level 2 of the Orcish Mines)

   [ring of positive energy]

   rF:        It protects you from fire.
   rN:        It protects you from negative energy.
   Fly:       It grants you flight.
 Z - a ring of fire
Wands
 x - a wand of paralysis (36)
 y - a wand of mindburst (19)
 B - a wand of digging (6)
 K - a wand of quicksilver (2)
 L - a wand of flame (20)
 P - a wand of iceblast (9)
 V - a wand of polymorph (6)
Scrolls
 c - 6 scrolls of fear
 j - a scroll of brand weapon
 l - 14 scrolls of identify
 p - 3 scrolls of enchant weapon
 t - 2 scrolls of summoning
 v - 8 scrolls of teleportation
 M - a scroll of magic mapping
 R - a scroll of blinking
 W - 7 scrolls of amnesia
 X - 2 scrolls of silence
Potions
 b - a potion of might
 e - 5 potions of brilliance
 h - 3 potions of heal wounds
 m - 11 potions of curing
 o - 5 potions of attraction
 q - 4 potions of ambrosia
 r - a potion of resistance
 s - 7 potions of mutation
 w - 3 potions of cancellation
 D - 3 potions of haste
 E - 3 potions of magic
 G - a potion of berserk rage
 J - a potion of invisibility
Miscellaneous
 d - a phantom mirror


   Skills:
 - Level 12.4 Fighting
 - Level 12.0 Short Blades
 - Level 4.0 Throwing
 * Level 7.8 Armour
 - Level 10.0 Dodging
 + Level 15.6 Stealth
 - Level 4.0 Shields
 * Level 11.3 Unarmed Combat
 - Level 4.0 Spellcasting
 - Level 1.0 Poison Magic
 - Level 4.0 Evocations


You had 23 spell levels left.
You didn't know any spells.
Your spell library contained the following spells:

 Spells                   Type           Power      Damage    Failure   Level
 Sting                    Tmut/Pois      12%        1d3       19%         1
 Foxfire                  Conj/Fire      8%         2x1d4     24%         1
 Magic Dart               Conj           8%         1d3       24%         1
 Summon Small Mammal      Summ           8%         N/A       24%         1
 Call Imp                 Summ           2%         N/A       34%         2
 Searing Ray              Conj           4%         2d4       34%         2
 Static Discharge         Conj/Air       4%         2-3/arc   34%         2
 Ignite Poison            Fire/Tmut/Pois 2%         N/A       52%         3
 Mephitic Cloud           Conj/Pois/Air  2%         N/A       52%         3
 Call Canine Familiar     Summ           2%         N/A       56%         3
 Kindle Blastsparks       Fire/Tloc/Air  4%         2d10      56%         3
 Portal Projectile        Hex/Tloc       4%         N/A       56%         3
 Summon Guardian Golem    Hex/Summ       2%         N/A       56%         3
 Tukima's Dance           Hex            2%         N/A       56%         3
 Vhi's Electric Charge    Tloc/Air       4%         N/A       56%         3
 Fulminant Prism          Conj/Hex       1%         3d5       93%         4
 Leda's Liquefaction      Hex/Erth       1%         N/A       93%         4
 Passage of Golubria      Tloc           2%         N/A       93%         4
 Summon Lightning Spire   Summ/Air       2%         N/A       93%         4
 Arcjolt                  Conj/Air       1%         1d11      100%        5
 Blade Hands              Tmut           1%         N/A       100%        5
 Freezing Cloud           Conj/Ice/Air   1%         6-21      100%        5
 Lee's Rapid Deconstruct  Erth           1%         3d4*      100%        5
 Lightning Bolt           Conj/Air       1%         1d12      100%        5
 Silence                  Hex/Air        1%         N/A       100%        5
 Statue Form              Tmut/Erth      1%         N/A       100%        6
 Storm Form               Tmut/Air       1%         N/A       100%        7
 Lehudib's Crystal Spear  Conj/Erth      1%         10d2      100%        8
 Maxwell's Capacitive Co  Air            1%         ∞         100%        8


Dungeon Overview and Level Annotations

Branches:
Dungeon (15/15)            Temple (1/1) D:5            Lair (5/5) D:11
  Swamp (0/4) Lair:3        Snake (1/4) Lair:3        Slime (0/5) Lair:5
    Orc (2/2) D:12            Elf (0/3) Orc:2        Vaults (0/5) D:13
 Depths (0/4) D:15

Altars:
Ashenzari
Cheibriados
Dithmenos
Fedhas
Gozag
Hepliaklqana
Kikubaaqudgha
Makhleb
Nemelex Xobeh
Okawaru
Qazlal
Ru
Sif Muna
Trog
Uskayaw
Vehumet
Wu Jian
Xom
Yredelemnul

Shops:
D:3 *   D:10 ([([   D:12 (   D:13 *   Orc:1 (   Orc:2 ?[(!*

Annotations:
Snake:1 Asterion


Innate Abilities, Weirdness & Mutations

You have a pair of large antennae on your head. (SInv)
You have hoof-like feet.
You sometimes emit foul miasma when damaged in melee.
A meltable shield of frost defends you. (SH +0)
Your touch may irresistibly damage your foes and sap their willpower.
You have a somewhat thin skeletal structure. (Dex +2, Stealth+)
You are dopey. (Int -2)
Your system is resistant to poisons. (rPois)


Message History

The shock serpent is heavily wounded.
You puncture the shock serpent! You kick the shock serpent!
The shock serpent is severely wounded.
The shock serpent's electric aura discharges, shocking you!
The shock serpent closely misses you.
A naga mage comes into view. It is wielding a +0 spear.
Asterion hits you with a +1 broad axe of electrocution!
Asterion closely misses you.
You closely miss the shock serpent. Your kick misses the shock serpent.
The shock serpent is severely wounded.
You miss the shock serpent. You kick the shock serpent.
You touch the shock serpent!
You sap its willpower!
The shock serpent is almost dead.
The shock serpent's electric aura discharges, shocking you!
The shock serpent closely misses you.
You barely miss the shock serpent. Your kick misses the shock serpent.
Your touch misses the shock serpent.
The shock serpent is almost dead.
You closely miss the shock serpent. You kick the shock serpent.
You touch the shock serpent.
You kill the shock serpent!
Asterion utters an invocation to Makhleb.
Asterion seems to speed up.
Asterion blocks your attack.
The naga mage mumbles some strange words.
The naga mage seems to speed up.
Asterion blocks your attack. Asterion hits you but does no damage.
Asterion misses you.
You hit Asterion but do no damage. Asterion blocks your attack. x2
You hit Asterion.
You feel better.
You kick Asterion, but do no damage. Asterion blocks your attack.
Asterion is lightly wounded.
Asterion hits you with a +1 broad axe of electrocution!!
* * * LOW HITPOINT WARNING * * *
You are electrocuted!
* * * LOW HITPOINT WARNING * * *
Asterion misses you.
You feel protected.
Asterion hits you with a +1 broad axe of electrocution!!!
You die...

#.###....#...
###............
#...####...##..
#..## #..##...
#..# ##.....#
##.## #....##
##...# ##.....
..######..#..#
#.....
.N.N..H@.###..#
##...##
...N..†..#
#..###..###
..#####..#
#.....).# ##..
#...#)).###
##..
#..#####.†##
..... #....
#... #..## #.##
#..## #####.


You could see Asterion (fast), a naga sharpshooter, a naga mage (fast) and a
naga.

Vanquished Creatures
  Agnes (Snake:1)
  Louise (D:15)
  Nessos (Lair:5)
  An orc warlord (Orc:2)
  A dire elephant (Lair:5)
  A fire dragon (Lair:5)
  Snorg (D:13)
  An ettin (D:15)
  Fannar (Lair:2)
  2 vault guards (D:13)
  Erolcha (Orc:2)
  9 hydras
  A catoblepas (D:13)
  An ogre mage (D:15)
  5 centaur warriors
  6 boulder beetles
  9 two-headed ogres
  6 death yaks (Lair:3)
  8 tengu warriors
  A shock serpent (Snake:1)
  2 naga sharpshooters (Snake:1)
  A hell knight (D:15)
  2 orc high priests
  3 skeletal warriors (D:13)
  A flayed ghost (D:14)
  A deep troll (shapeshifter) (D:14)
  A deep troll (D:15)
  A deep elf archer (D:14)
  2 lindwurms (Lair:5)
  4 necromancers
  3 wizards
  3 ugly things
  3 wolf spiders
  3 deep elf pyromancers
  3 orc knights
  An orc sorcerer (Orc:2)
  3 manticores
  3 mana vipers (Snake:1)
  A mana viper (shapeshifter) (D:14)
  9 cyclopes
  3 elephants (Lair:5)
  8 black mambas (Snake:1)
  2 naga magi (Snake:1)
  7 torpor snails
  2 gargoyles (D:12)
  Maggie (D:9)
  2 freezing wraiths (D:14)
  8 cane toads
  2 rime drakes
  3 efreet (D:14)
  6 kobold demonologists
  7 komodo dragons
  4 tengu conjurers
  3 yaktaurs
  6 trolls
  5 tyrant leeches
  A tarantella (shapeshifter) (D:13)
  A hornet (shapeshifter) (D:14)
  A queen bee (D:14)
  12 polar bears
  8 hornets
  Prince Ribbit (D:5)
  Grinder (D:3)
  10 slime creatures
  4 raiju (Lair:5)
  4 dream sheep (Lair:5)
  7 blink frogs
  4 shadows
  24 yaks
  2 vampires (D:10)
  3 wyverns
  A golden eye (shapeshifter) (D:12)
  4 wraiths
  4 basilisks
  18 humans (D:13)
  4 steam dragons
  11 vampire mosquitoes
  9 wargs
  Duvessa (D:5)
  7 nagas
  3 swamp worms (Lair:3)
  9 water moccasins
  2 acid dragons
  11 hell hounds (Lair:5)
  27 orc warriors
  10 ice beasts
  14 black bears
  3 ogres
  28 wolves
  A phantom (D:5)
  14 centaurs
  6 kobold brigands
  9 bullfrogs
  4 necrophages
  3 scorpions
  5 wights (D:8)
  Dowan (D:5)
  16 killer bees
  9 howler monkeys
  A vampire bat (D:7)
  4 electric eels (D:14)
  6 hounds
  2 jellies (D:6)
  21 orc priests
  Crazy Yiuf (D:7)
  4 iguanas
  Ijyb (D:3)
  Natasha (thrice) (D:3)
  2 gnoll boudas
  27 orc wizards
  5 adders
  7 gnolls
  A white imp (D:7)
  5 worms
  6 dart slugs
  98 orcs
  6 ball pythons
  6 endoplasms
  2 giant cockroaches
  11 goblins
  6 hobgoblins
  4 jackals (D:2)
  2 quokkas
  8 bats
  6 frilled lizards
  25 kobolds
  11 rats
  A spectral kobold (D:8)
  A plant (Lair:5)
777 creatures vanquished.

Vanquished Creatures (collateral kills)
  2 orc warriors (Orc:2)
  4 orcs (Orc:2)
  A rat (D:2)
7 creatures vanquished.

Vanquished Creatures (others)
  A death knight (D:14)
  A flayed ghost (D:14)
  A kobold (D:11)
  A fungus (Lair:2)
  26 plants
30 creatures vanquished.

Grand Total: 814 creatures vanquished

Notes
Turn   | Place    | Note
-------+----------+-------------------------------------------
     0 | D:1      | IdlyInterested the Demonspawn Wanderer began the quest for
                  | the Orb.
     0 | D:1      | IdlyInterested set off with the following items: a +0
                  | dagger, a +0 scale mail, a scroll of fear, a +2 buckler;
                  | and the following spell memorised: Sting; and the following
                  | spells available to memorise: Mephitic Cloud.
     0 | D:1      | Reached XP level 1. HP: 15/15 MP: 2/2
   264 | D:1      | Found a faded altar of an unknown god.
   314 | D:1      | Discovered your monstrous ancestry.
   314 | D:1      | Gained mutation: You have a pair of small antennae on your
                  | head. [demonic ancestry]
   314 | D:1      | Reached XP level 2. HP: 21/21 MP: 3/3
   543 | D:1      | Reached skill level 1 in Stealth
   860 | D:1      | Gained mutation: You may rarely emit foul miasma when
                  | damaged in melee. [demonic ancestry]
   860 | D:1      | Reached XP level 3. HP: 27/27 MP: 4/4
  1187 | D:2      | Reached skill level 1 in Short Blades
  1376 | D:2      | Found a hazy altar of Hepliaklqana.
  1474 | D:2      | Gained mutation: Your touch may inflict minor irresistible
                  | damage on your foes. [demonic ancestry]
  1474 | D:2      | Reached XP level 4. HP: 34/34 MP: 5/5
  1608 | D:2      | Noticed a scorpion
  1614 | D:2      | Killed a scorpion
  1615 | D:2      | Reached skill level 2 in Stealth
  1791 | D:3      | Noticed Ijyb
  1791 | D:3      | Noticed Natasha
  1792 | D:3      | Gained mutation: Your touch may inflict irresistible damage
                  | on your foes. [demonic ancestry]
  1792 | D:3      | Reached XP level 5. HP: 40/40 MP: 6/6
  1800 | D:3      | Paralysed by Ijyb for 3 turns
  1805 | D:3      | Killed Ijyb
  1808 | D:3      | Killed Natasha
  1823 | D:3      | Noticed Natasha
  1830 | D:3      | Killed Natasha
  1848 | D:3      | Noticed Natasha
  1855 | D:3      | Killed Natasha
  1856 | D:3      | Reached skill level 1 in Unarmed Combat
  1953 | D:3      | Gained mutation: Your system is resistant to poisons.
                  | (rPois) [potion of mutation]
  1953 | D:3      | Gained mutation: You are dopey. (Int -2) [potion of
                  | mutation]
  1953 | D:3      | Gained mutation: You have a somewhat thin skeletal
                  | structure. (Dex +2, Stealth+) [potion of mutation]
  2286 | D:3      | Found Akoawaoh's Assorted Antiques.
  2295 | D:3      | Bought a scroll labelled WARPHO DOUTUMEIG for 19 gold
                  | pieces
  2295 | D:3      | Bought a scroll labelled YHAIBLAIFOIC for 19 gold pieces
  2295 | D:3      | Bought a viscous grey potion for 17 gold pieces
  2319 | D:3      | Noticed Grinder
  2333 | D:3      | Killed Grinder
  2334 | D:3      | Reached XP level 6. HP: 19/48 MP: 7/7
  2593 | D:4      | Reached skill level 3 in Stealth
  2630 | D:4      | Gained mutation: You sometimes emit foul miasma when
                  | damaged in melee. [demonic ancestry]
  2630 | D:4      | Reached XP level 7. HP: 54/54 MP: 8/8
  3238 | D:5      | Entered Level 5 of the Dungeon
  3238 | D:5      | Noticed Prince Ribbit
  3248 | D:5      | Killed Prince Ribbit
  3249 | D:5      | Reached skill level 1 in Dodging
  3447 | D:5      | Reached skill level 5 in Short Blades
  3739 | D:5      | Reached skill level 1 in Evocations
  3796 | D:5      | Noticed Dowan
  3799 | D:5      | Noticed Duvessa
  3809 | D:5      | Killed Dowan
  3813 | D:5      | Killed Duvessa
  3814 | D:5      | Reached XP level 8. HP: 38/60 MP: 9/9
  4160 | D:5      | Reached skill level 1 in Throwing
  4218 | D:5      | Found a staircase to the Ecumenical Temple.
  4224 | Temple   | Entered the Ecumenical Temple
  5111 | D:6      | Found a transporter.
  5514 | D:6      | Found a sparkling altar of Nemelex Xobeh.
  5515 | D:6      | Found a transporter.
  5517 | D:6      | Found a shimmering blue altar of Sif Muna.
  5533 | D:6      | Gained mutation: You have large cloven feet. [demonic
                  | ancestry]
  5533 | D:6      | Reached XP level 9. HP: 28/65 MP: 10/10
  6081 | D:6      | Reached skill level 4 in Stealth
  6307 | D:7      | Reached skill level 5 in Stealth
  6614 | D:7      | Reached skill level 6 in Stealth
  7298 | D:7      | Found a runed translucent door.
  7299 | D:7      | Noticed Crazy Yiuf
  7306 | D:7      | Killed Crazy Yiuf
  7307 | D:7      | Reached XP level 10. HP: 73/73 MP: 11/11
  7560 | D:8      | Reached skill level 5 in Fighting
  7572 | D:8      | Reached skill level 10 in Short Blades
  7966 | D:8      | Found a hazy altar of Hepliaklqana.
  8361 | D:9      | Noticed Maggie
  8366 | D:9      | Killed Maggie
  8393 | D:9      | Noticed a two-headed ogre
  8403 | D:9      | Killed a two-headed ogre
  8661 | D:10     | Entered Level 10 of the Dungeon
  8661 | D:10     | Noticed a two-headed ogre
  8675 | D:10     | Killed a two-headed ogre
  8676 | D:10     | Reached skill level 5 in Unarmed Combat
  8784 | D:10     | Noticed a two-headed ogre
  8786 | D:10     | Killed a two-headed ogre
  8942 | D:10     | Gained mutation: Your touch may irresistibly damage your
                  | foes and sap their willpower. [demonic ancestry]
  8942 | D:10     | Reached XP level 11. HP: 72/83 MP: 12/12
  9093 | D:10     | Found Atroif's Armour Shop.
  9184 | D:10     | Found Icica's Armour Shop.
  9228 | D:10     | Found Sephuc's Antique Weapon Emporium.
  9431 | D:10     | Noticed a two-headed ogre
  9445 | D:10     | Killed a two-headed ogre
  9446 | D:10     | Found Nohipp's Weapon Boutique.
  9819 | D:10     | Found the +8 Vampire's Tooth {vamp}
  9875 | D:10     | Upgraded the game from 0.30-a0-322-g102857c98e to
                  | 0.30-a0-329-g85436e0a43
  9926 | D:10     | Bought the +1 leather armour of the Hundredfold Wishes
                  | {rF+} for 252 gold pieces
 10054 | D:11     | Reached skill level 7 in Stealth
 10359 | D:11     | Reached skill level 8 in Stealth
 10441 | D:11     | Noticed a boulder beetle
 10504 | D:11     | Killed a boulder beetle
 10505 | D:11     | Reached skill level 5 in Dodging
 10558 | D:11     | Found a staircase to the Lair.
 10721 | D:11     | Gained mutation: You have hoof-like feet. [demonic
                  | ancestry]
 10721 | D:11     | Reached XP level 12. HP: 92/92 MP: 13/13
 11015 | D:10     | Bought a +2 chain mail of cold resistance for 258 gold
                  | pieces
 11047 | D:10     | Bought a +2 hat for 176 gold pieces
 11155 | Lair:1   | Entered Level 1 of the Lair of Beasts
 11700 | Lair:1   | Reached skill level 5 in Armour
 12550 | Lair:2   | Noticed a five-headed hydra
 12562 | Lair:2   | Killed a five-headed hydra
 12790 | Lair:2   | Noticed Fannar
 12817 | Lair:2   | Killed Fannar
 13304 | Lair:3   | Noticed a death yak
 13304 | Lair:3   | Noticed a death yak
 13304 | Lair:3   | Noticed a death yak
 13305 | Lair:3   | Noticed a death yak
 13375 | Lair:3   | Found a staircase to the Snake Pit.
 13410 | Lair:3   | Identified the +8 falchion of the Feeding Visionary {flame,
                  | Fragile Int+3 Dex+4 SInv}
 13417 | Lair:3   | Noticed a death yak
 13419 | Lair:3   | Noticed a death yak
 13434 | Lair:3   | Killed a death yak
 13449 | Lair:3   | Killed a death yak
 13450 | Lair:3   | Reached skill level 10 in Unarmed Combat
 13459 | Lair:3   | Killed a death yak
 13472 | Lair:3   | Killed a death yak
 13485 | Lair:3   | Killed a death yak
 13493 | Lair:3   | Killed a death yak
 13596 | Lair:3   | Noticed a six-headed hydra
 13596 | Lair:3   | Noticed a six-headed hydra
 13630 | Lair:3   | Killed a six-headed hydra
 13643 | Lair:3   | Killed a six-headed hydra
 13651 | Lair:3   | Found a staircase to the Swamp.
 13668 | Lair:3   | Reached XP level 13. HP: 95/101 MP: 14/14
 14448 | Lair:4   | Identified the ring of Ten Afud {Wiz rF+}
 14475 | Lair:4   | Reached skill level 10 in Fighting
 14754 | Lair:5   | Entered Level 5 of the Lair of Beasts
 14856 | Lair:5   | Identified the ring "Ecinlaush" {rN+ rCorr Str+3}
 14972 | Lair:5   | Noticed Nessos
 14978 | Lair:5   | Killed Nessos
 15102 | Lair:5   | Reached skill level 9 in Stealth
 15260 | Lair:5   | Noticed a dire elephant
 15305 | Lair:5   | Killed a dire elephant
 15306 | Lair:5   | Reached skill level 10 in Stealth
 15679 | Lair:5   | Found a staircase to the Slime Pits.
 16078 | Lair:5   | Found a runed translucent door.
 16078 | Lair:5   | Noticed a fire dragon
 16143 | Lair:5   | Gained mutation: You have a pair of antennae on your head.
                  | [demonic ancestry]
 16143 | Lair:5   | Reached XP level 14. HP: 111/111 MP: 20/20
 16212 | Lair:5   | Paralysed by a hornet for 1 turns
 17357 | D:12     | Found a staircase to the Orcish Mines.
 17362 | D:12     | Found Tiefegur's Weapon Shoppe.
 18113 | D:13     | Found a gate to the Vaults.
 18130 | D:13     | Reached skill level 11 in Stealth
 18447 | D:13     | Found Beamuf's Assorted Antiques.
 18721 | D:13     | Found a shimmering blue altar of Sif Muna.
 18743 | D:13     | Got Sif Muna's Dissertation on the Inferno
 18892 | D:13     | Noticed Snorg
 18906 | D:13     | Killed Snorg
 19587 | D:14     | Gained mutation: You have a pair of large antennae on your
                  | head. (SInv) [demonic ancestry]
 19587 | D:14     | Reached XP level 15. HP: 120/120 MP: 21/21
 20026 | D:14     | Reached skill level 12 in Stealth
 20356 | D:14     | Found a runed translucent door.
 20357 | D:14     | Found a runed translucent door.
 20358 | D:14     | Found a runed translucent door.
 20589 | D:14     | Reached skill level 10 in Dodging
 21231 | D:15     | Entered Level 15 of the Dungeon
 21231 | D:15     | Identified a scroll of acquirement
 21271 | D:15     | Acquired a manual of Stealth
 21876 | D:15     | Noticed Louise
 21916 | D:15     | Killed Louise
 22096 | D:15     | Found a staircase to the Depths.
 22111 | D:15     | Reached skill level 13 in Stealth
 22475 | Orc:1    | Entered Level 1 of the Orcish Mines
 22500 | Orc:2    | Entered Level 2 of the Orcish Mines
 22678 | Orc:1    | Found Soupriuq's Weapon Shoppe.
 23159 | Orc:2    | Found Puoj's Magic Scroll Shoppe.
 23242 | Orc:2    | Found a staircase to the Elven Halls.
 23450 | Orc:2    | Found a runed translucent door.
 23460 | Orc:2    | Noticed Erolcha
 23470 | Orc:2    | Killed Erolcha
 23618 | Orc:2    | Found Yral's Distillery.
 23628 | Orc:2    | Reached skill level 14 in Stealth
 23658 | Orc:2    | Found Yddizofi's Assorted Antiques.
 23696 | Orc:2    | Bought a sparkling wooden ring for 180 gold pieces
 23696 | Orc:2    | Identified the ring of the Princess {Fly rF+ rN+} (You
                  | bought it in a shop on level 2 of the Orcish Mines)
 23696 | Orc:2    | Bought a peridot ring for 180 gold pieces
 24135 | Orc:2    | Found Taidah's Antique Weapon Boutique.
 24137 | Orc:2    | Found Higumued's Antique Armour Shop.
 24556 | Snake:1  | Entered Level 1 of the Snake Pit
 24570 | Snake:1  | Gained mutation: A meltable shield of frost defends you.
                  | (SH +0) [demonic ancestry]
 24570 | Snake:1  | Reached XP level 16. HP: 129/129 MP: 22/22
 24629 | Snake:1  | Reached skill level 15 in Stealth
 24843 | Snake:1  | Noticed Agnes
 24856 | Snake:1  | Killed Agnes
 25151 | Snake:1  | Noticed Asterion
 25168 | Snake:1  | Demolished by Asterion

Illustrated notes

Levels and vault maps discovered:
D:1:      dpeg_arrival_pond, layout_basic,
          hellmonk_ecumenical_altar_defaced_shrine
D:2:      layout_rooms, basic_altar
D:3:      layout_basic, serial_shops, shop, serial_rivers,
          chequers_serial_rivers_marsh, chequers_serial_rivers_small_b,
          chequers_serial_rivers_micro_e, chequers_serial_rivers_micro_e,
          chequers_serial_rivers_micro_c, uniq_natasha, uniq_ijyb, uniq_grinder
D:4:      layout_gridville
D:5:      layout_layer_cave, minmay_temple_entry_enclosed_plants, uniq_duvessa,
          uniq_prince_ribbit1
D:6:      layout_basic, gammafunk_temple_overflow_arena
D:7:      minmay_s_stair_smasher, layout_gridville, roderic_batcave,
          uniq_crazy_yiuf_cottage
D:8:      layout_rooms, nicolae_hepliaklqana_monster_ancestors,
          serial_bayou_pond_d
D:9:      layout_gridville, uniq_maggie
D:10:     layout_roguey, serial_glass, glass_columns_a, glass_columns_b,
          serial_shops, nicolae_shop_advertising_works
          [nicolae_subvault_shop_adworks], nicolae_square_shop,
          kennysheep_mini_moat, shop, minmay_guarded_unrand_vampires_tooth
D:11:     layout_irregular_city, hellmonk_lair_entry_icy, nicolae_two_hexagons,
          st_stairs_6, serial_bayou_pond_e
D:12:     hangedman_arrow_trap, layout_cave_pools, orc_david_3
D:13:     layout_layer_cave, grunt_vaults_entry_tiered, serial_shops,
          nicolae_shop_stone, led_sif_book, uniq_snorg
D:14:     minmay_the_grid_triangle_9x9_rhombus_full
          [minmay_the_grid_triangle_9x9_fully_insulated_deathbox,
          minmay_the_grid_triangle_9x9_checkered,
          minmay_the_grid_triangle_9x9_sprig,
          minmay_the_grid_triangle_9x9_semitri,
          minmay_the_grid_triangle_9x9_impossible_snake,
          minmay_the_grid_triangle_9x9_zippers_horizontal,
          minmay_the_grid_triangle_9x9_odd_lines,
          minmay_the_grid_triangle_9x9_prize_insulated], layout_gridville,
          hive_lemuel
D:15:     hangedman_depths_entry_civil_slaughter, layout_basic,
          hangedman_glass_teeth, uniq_louise
Temple:   compressed_dpeg_triangle_lava_temple
Lair:1:   layout_cave_pods
Lair:2:   layout_cave_pods, serial_bayou_shore_b, uniq_fannar
Lair:3:   layout_concentric_octagons, palyth_hydra_swamp_entry,
          guppyfry_snake_entry_garden, infiniplex_staircase_pool_2
Lair:4:   layout_big_grid
Lair:5:   wormcave, layout_regular_city, hangedman_lair_caniforms_friends,
          slime_entry_1, uniq_nessos
Snake:1:  layout_layer_cave, grunt_ministairs_4, uniq_asterion, uniq_agnes
Orc:1:    layout_diamond_mine, serial_shops, nicolae_shop_stone
Orc:2:    grunt_orc_community_town_hall, layout_caves,
          grunt_orc_community_big_house_1, grunt_orc_community_big_house_1,
          grunt_orc_community_house_1, grunt_orc_community_house_3,
          grunt_orc_community_house_2, grunt_orc_community_house_3,
          grunt_orc_community_house_2, grunt_orc_community_house_2,
          serial_shops, nicolae_shop_overgrown_old_shop,
          lightli_church_of_beogh, uniq_erolcha

Skill      XL: |  1  2  3  4  5  6  7  8  9 10 11 12 13 14 15 16 |
---------------+-------------------------------------------------+-----
Armour         | 3 4 6 7 |  7.8
Fighting       | 2 3 4 6 8 9 10 12 | 12.4
Stealth        | 1 2 3 6 8 10 11 14 15 | 15.6
Short Blades   | 1 2 3 5 7 9 10 11 12 | 12.0
Unarmed Combat | 1 2 6 8 10 11 | 11.3
Dodging        | 2 3 4 5 6 8 10 | 10.0
Evocations     | 1 2 4 |  4.0
Throwing       | 2 3 4 |  4.0
Shields        | 4 |  4.0
Spellcasting   | 4 |  4.0
Poison Magic   | |  1.0

Action                   |  1- 3 |  4- 6 |  7- 9 | 10-12 | 13-15 | 16-18 || total
-------------------------+-------+-------+-------+-------+-------+-------++-------
Melee: Dagger            |   159 |    73 |   241 |   252 |       |       ||   725
       Short sword       |    51 |       |       |       |       |       ||    51
       Touch             |       |    14 |    55 |   150 |   402 |    22 ||   643
       Punch             |       |       |     7 |    42 |   129 |    16 ||   194
       Kick              |       |       |    42 |   246 |   737 |    57 ||  1082
       Quick blade       |       |       |       |   392 |  1582 |   116 ||  2090
Throw: Boomerang         |       |       |    21 |    24 |     5 |       ||    50
       Dart              |       |       |       |    36 |    29 |       ||    65
       Javelin           |       |       |       |       |    12 |       ||    12
 Cast: Sting             |       |     1 |       |       |       |       ||     1
Evoke: Wand              |       |       |       |    10 |     8 |       ||    18
  Use: Scroll            |     8 |    10 |     3 |     8 |    11 |       ||    40
       Potion            |       |     1 |     1 |     3 |     7 |     1 ||    13
 Stab: Sleeping          |       |     3 |    15 |    12 |    80 |     2 ||   112
       Distracted        |       |       |       |     2 |     6 |       ||     8
Armor: Scale mail        |    63 |    21 |    11 |       |       |       ||    95
       Ring mail         |       |       |    34 |     5 |       |       ||    39
       Swamp dragon scal |       |       |       |    71 |    17 |       ||    88
       Chain mail        |       |       |       |     2 |       |       ||     2
       Steam dragon scal |       |       |       |       |   219 |    10 ||   229
       Leather armour    |       |       |       |       |     1 |       ||     1
Dodge: Dodged            |    65 |    26 |    79 |   170 |   692 |    48 ||  1080
Block: Buckler           |    60 |       |       |       |       |       ||    60
       Other             |       |       |       |       |       |     9 ||     9

Table legend: (Time is in decaauts)
 A = Elapsed time spent in this place.
 B = Non-inter-level travel time spent in this place.
 C = Inter-level travel time spent in this place.
 D = Time resting spent in this place.
 E = Time spent auto-exploring this place.
 F = Levels seen in this place.
 G = Mean time per level.
                   A        B        C        D        E       F      G
               +--------+--------+--------+--------+--------+-----+--------+
         Total |  23459 |  18618 |   4841 |    617 |  11778 |  24 |  977.5 |
       Dungeon |  15872 |  12164 |   3708 |    581 |   7478 |  15 | 1058.1 |
        Temple |    353 |    352 |      1 |      0 |    323 |   1 |  353.0 |
          Lair |   4986 |   4111 |    875 |     36 |   2835 |   5 |  997.2 |
     Snake Pit |    529 |    529 |      0 |      0 |    371 |   1 |  529.0 |
  Orcish Mines |   1717 |   1462 |    255 |      0 |    771 |   2 |  858.5 |
               +--------+--------+--------+--------+--------+-----+--------+

Top non-repeatable levels by time:
    D:14: 2067 daAuts
    D:10: 1424 daAuts
     D:5: 1398 daAuts
  Lair:5: 1354 daAuts
    D:13: 1248 daAuts
     D:6: 1212 daAuts
     D:7: 1209 daAuts
    D:11: 1207 daAuts
   Orc:2: 1190 daAuts
     D:1: 1167 daAuts
  Lair:2: 1147 daAuts
  Lair:1: 1118 daAuts
  Lair:3: 841 daAuts
     D:4: 837 daAuts
     D:3: 799 daAuts
